AoeStats
← Lord_Wilfredo

Arabia

504926657Analyzed
1v1 RM · 25d ago on Sep 7, 2026· 59m 13s· 2 players
Game mode
Random Map
Map size
Tiny (2 player)
Population
200
Speed
Normal
Resources
Standard
Victory
Conquest
Starting age
Dark Age
Ending age
Imperial Age
RankedLock teamsTeams togetherTeam positionsShared explorationLock speedFull tech treeHidden civsTurbo modeCheats
Victory
Defeat
🇵🇪 Maya · Peru
1243
+17
🇦🇷 Mongols · Argentina
1271
-17
[LAK] GULIAN
0:27 Loom
8:54 Feudal Age
15:02 Fletching
17:09 Padded Archer Armor
25:04 Castle Age
23:43 Scale Mail Armor
23:25 Horse Collar
25:09 Crossbowman
25:45 Bodkin Arrow
26:52 Bodkin Arrow
28:43 Gold Mining
31:12 Wheelbarrow
30:55 Eagle Warrior
32:11 Squires
33:44 Chain Mail Armor
34:52 Forging
35:19 Leather Archer Armor
38:15 Wheelbarrow
37:54 Double-Bit Axe
39:11 Iron Casting
38:56 Double-Bit Axe
41:14 Iron Casting
46:31 Imperial Age
46:53 Arson
47:36 Heavy Plow
47:38 Elite Eagle Warrior
49:24 Plate Mail Armor
49:57 Crop Rotation
51:19 Blast Furnace
52:01 Holcans
52:31 Bow Saw
53:23 Arbalester
54:20 Bracer
55:12 Conscription
55:13 Thumb Ring
55:32 Stone Mining
56:51 Hand Cart
56:30 Town Watch
58:13 Ring Archer Armor
58:47 Town Watch
60:48 Two-Man Saw
Lord_Wilfredo
6:29 Loom
8:48 Feudal Age
9:46 Double-Bit Axe
17:38 Fletching
19:49 Padded Archer Armor
21:28 Town Watch
27:20 Castle Age
26:34 Gold Mining
27:28 Bloodlines
27:27 Crossbowman
28:50 Bodkin Arrow
29:08 Bow Saw
33:12 Husbandry
37:34 Scale Barding Armor
39:15 Chain Barding Armor
39:53 Ballistics
42:41 Wheelbarrow
46:44 Imperial Age
45:29 Forging
46:43 Hand Cart
46:09 Elite Skirmisher
46:55 Thumb Ring
47:06 Cavalier
47:22 Capped Ram
48:31 Conscription
49:24 Iron Casting
49:40 Siege Ram
50:56 Bracer
50:35 Light Cavalry
55:46 Hussar
58:48 Leather Archer Armor
Connection lost

Rejoining the realm…

Still unreachable

The connection could not be restored.

Session expired

The server has moved on; the page needs a fresh start.